cohdb
Replays
Latest Replays
All Replays
Popular Replays
Top Player Replays
Match Explorer
How It Works
Community
CoH3 Stats
Reddit
Sign in to upload your games and track your stats! →
Sign in with Steam
Match 45712613
Unlisted
Match 45712613
Overview
Messages
Build Orders
End
Selects Airborne Battlegroup
Selects Heavy Machine Gun Paradrop
Heavy Machine Gun Paradrop
Engineer Squad
Construct Weapon Support Center
Heavy Machine Gun Paradrop
Construct Medical Station
Selects Paratrooper Squad Paradrop
Paratrooper Squad Paradrop
Mechanized Support Center
Construct Motor Pool
M8 Greyhound Armored Car
Paratrooper Squad Paradrop
Paratrooper Squad Paradrop
Selects Recon Loiter
Selects Supply Drop
Recon Loiter
Supply Drop
Construct Tank Depot
Recon Loiter
Supply Drop
Selects Carpet Bombing Run
M4A1 Sherman Medium Tank
Designate Forward Repair Station
Recon Loiter
M4A1 Sherman Medium Tank
Supply Drop
Recon Loiter
M4A1 Sherman Medium Tank
Recon Loiter
M4A1 Sherman Medium Tank
Improvised Armor
CAuMOH
K̳itsuné
NANAMI
커닝시티택시기사
0
0
Comments
sign in to comment!
No comments posted yet!